SA
CHICAGO TULA @ NIAGARA FALLS EXPOS
07/26/2037
 
TOP OF THE 1ST
Chicago Tula batting - Pitching for Niagara Falls Expos : LHP Edison Carter
Pitching: LHP Edison Carter
Batting: RHB Tolenka Kafengauz 0-0: Ball
1-0: Foul Ball, location: 2F
1-1: Ball
2-1: Ball
3-1: Swinging Strike
3-2: Base on Balls
Batting: RHB Eddie Hickford 0-0: Called Strike
0-1: DOUBLE (Line Drive, 9LS, EV 101.2 MPH)
Tolenka Kafengauz to third
Runner from 3rd tries for Home, SAFE, throw by RF to trailing runner, SAFE at third!
Batting: RHB Omar Krutsinger 0-0: Fly out, F4 (Popup, 4, EV 58.1 MPH)
Batting: LHB Steve Whitehead 0-0: Ball
1-0: Swinging Strike
1-1: Ball
2-1: Swinging Strike
2-2: Ball
3-2: Foul Ball, location: 2F
3-2: Strikes out swinging
Batting: RHB Tim Robinson 0-0: Ball
1-0: Ball
2-0: Ball
3-0: Base on Balls
Batting: RHB Jaypee Layug 0-0: Called Strike
0-1: Called Strike
0-2: Strikes out swinging
Top of the 1st over - 1 run, 1 hit, 0 errors, 2 left on base; Chicago 1 - Niagara Falls 0
BOTTOM OF THE 1ST
Niagara Falls Expos batting - Pitching for Chicago Tula : RHP Yan van der Meijden
Pitching: RHP Yan van der Meijden
Batting: LHB John Castro 0-0: Called Strike
0-1: Ball
1-1: Called Strike
1-2: Ball
2-2: Foul Ball, location: 2F
2-2: Ball
3-2: Strikes out swinging
Batting: RHB Gary Bruce 0-0: DOUBLE (Groundball, 5L, EV 101.9 MPH)
Batting: LHB Mfiondu Kabengele 0-0: Fly out, F8 (Flyball, 8RM, EV 83.8 MPH)
Batting: SHB Jeremy Pollock 0-0: Fly out, F5 (Popup, 5, EV 81.2 MPH)
Bottom of the 1st over - 0 runs, 1 hit, 0 errors, 1 left on base; Chicago 1 - Niagara Falls 0
TOP OF THE 2ND
Chicago Tula batting - Pitching for Niagara Falls Expos : LHP Edison Carter
Batting: LHB William Anderson 0-0: Ball
1-0: Called Strike
1-1: Ball
2-1: SOLO HOME RUN (Flyball, 9D, EV 93.8 MPH), Distance : 371 ft
Batting: RHB Gerald Borges 0-0: DOUBLE (Line Drive, 89M, EV 105.6 MPH)
Batting: SHB Carl Wilson 0-0: Ball
1-0: Ball
2-0: Ball
3-0: Called Strike
3-1: Base on Balls
Batting: RHB Tolenka Kafengauz 0-0: Swinging Strike
0-1: Ball
1-1: Foul Ball, location: 2F
1-2: Ball
2-2: Fielders Choice at 2nd, 1-6 (Groundball, 34S, EV 68.8 MPH)
Gerald Borges to third
Batting: RHB Eddie Hickford 0-0: Called Strike
0-1: Foul Ball, location: 2F
0-2: Strikes out looking
Batting: RHB Omar Krutsinger 0-0: Ball
1-0: Swinging Strike
1-1: Foul Ball, location: 2F
1-2: Ball
2-2: Strikes out swinging
Top of the 2nd over - 1 run, 2 hits, 0 errors, 2 left on base; Chicago 2 - Niagara Falls 0
BOTTOM OF THE 2ND
Niagara Falls Expos batting - Pitching for Chicago Tula : RHP Yan van der Meijden
Batting: RHB Dragoljub Kandic 0-0: Fly out, F7 (Line Drive, 7, EV 95.0 MPH)
Batting: SHB Takeshi Kovacs 0-0: Swinging Strike
0-1: Swinging Strike
0-2: Ball
1-2: Ball
2-2: Foul Ball, location: 2F
2-2: Strikes out swinging
Batting: RHB Sincere Wushon David 0-0: Foul Ball, location: 2F
0-1: Swinging Strike
0-2: Ground out 5-3 (Groundball, 5L, EV 90.0 MPH)
Bottom of the 2nd over - 0 runs, 0 hits, 0 errors, 0 left on base; Chicago 2 - Niagara Falls 0
TOP OF THE 3RD
Chicago Tula batting - Pitching for Niagara Falls Expos : LHP Edison Carter
Batting: LHB Steve Whitehead 0-0: Called Strike
0-1: Foul Ball, location: 2F
0-2: Foul Ball, location: 2F
0-2: Foul Ball, location: 2F
0-2: Ground out 6-3 (Groundball, 6, EV 99.4 MPH)
Batting: RHB Tim Robinson 0-0: Foul Ball, location: 2F
0-1: Called Strike
0-2: Ball
1-2: Foul Ball, location: 2F
1-2: Strikes out swinging, 2-3 out at first.
Batting: RHB Jaypee Layug 0-0: Fly out, F8 (Line Drive, 8LM, EV 88.1 MPH)
Top of the 3rd over - 0 runs, 0 hits, 0 errors, 0 left on base; Chicago 2 - Niagara Falls 0
BOTTOM OF THE 3RD
Niagara Falls Expos batting - Pitching for Chicago Tula : RHP Yan van der Meijden
Batting: RHB Pablo Saavedra 0-0: Ball
1-0: Fly out, F9 (Flyball, 9, EV 90.6 MPH)
Batting: RHB Barney Wilson 0-0: Ball
1-0: Ball
2-0: Foul Ball, location: 2F
2-1: Foul Ball, location: 2F
2-2: Strikes out swinging
Batting: LHB John Castro 0-0: Ball
1-0: Swinging Strike
1-1: Ball
2-1: Ground out 6-3 (Groundball, 6, EV 78.1 MPH)
Bottom of the 3rd over - 0 runs, 0 hits, 0 errors, 0 left on base; Chicago 2 - Niagara Falls 0
TOP OF THE 4TH
Chicago Tula batting - Pitching for Niagara Falls Expos : LHP Edison Carter
Batting: LHB William Anderson 0-0: Ball
1-0: Fly out, F8 (Line Drive, 8RM, EV 91.2 MPH)
Batting: RHB Gerald Borges 0-0: Called Strike
0-1: Called Strike
0-2: Ball
1-2: Foul Ball, location: 2F
1-2: Ball
2-2: Ball
3-2: Base on Balls
Batting: SHB Carl Wilson 0-0: Ball
1-0: Grounds into double play, 6-4-3 (Groundball, 6, EV 77.5 MPH)
Top of the 4th over - 0 runs, 0 hits, 0 errors, 0 left on base; Chicago 2 - Niagara Falls 0
BOTTOM OF THE 4TH
Niagara Falls Expos batting - Pitching for Chicago Tula : RHP Yan van der Meijden
Batting: RHB Gary Bruce 0-0: Ball
1-0: Fly out, F9 (Line Drive, 9, EV 96.9 MPH)
Batting: LHB Mfiondu Kabengele 0-0: Called Strike
0-1: SINGLE (Groundball, 56D, EV 95.0 MPH)
Batting: SHB Jeremy Pollock 0-0: Called Strike
Mfiondu Kabengele steals 2nd base
0-1: Foul Ball, location: 2F
0-2: Ball
1-2: Ball
2-2: Ball
3-2: Strikes out swinging
Batting: RHB Dragoljub Kandic 0-0: Ball
1-0: Ground out 6-3 (Groundball, 6, EV 85.0 MPH)
Bottom of the 4th over - 0 runs, 1 hit, 0 errors, 1 left on base; Chicago 2 - Niagara Falls 0
TOP OF THE 5TH
Chicago Tula batting - Pitching for Niagara Falls Expos : LHP Edison Carter
Batting: RHB Tolenka Kafengauz 0-0: Ball
1-0: Ball
2-0: Called Strike
2-1: Ball
3-1: Foul Ball, location: 2F
3-2: Strikes out looking
Batting: RHB Eddie Hickford 0-0: Called Strike
0-1: Swinging Strike
0-2: Ball
1-2: Strikes out swinging
Batting: RHB Omar Krutsinger 0-0: Called Strike
0-1: Ball
1-1: Ball
2-1: Foul Ball, location: 2F
2-2: Strikes out swinging
Top of the 5th over - 0 runs, 0 hits, 0 errors, 0 left on base; Chicago 2 - Niagara Falls 0
BOTTOM OF THE 5TH
Niagara Falls Expos batting - Pitching for Chicago Tula : RHP Yan van der Meijden
Batting: SHB Takeshi Kovacs 0-0: Foul Ball, location: 2F
0-1: Fly out, F7 (Flyball, 7S, EV 96.2 MPH)
Batting: RHB Sincere Wushon David 0-0: Fly out, F9 (Flyball, 89D, EV 98.1 MPH)
Batting: RHB Pablo Saavedra 0-0: Called Strike
0-1: Ball
1-1: Ground out 4-3 (Groundball, 4M, EV 100.6 MPH)
Bottom of the 5th over - 0 runs, 0 hits, 0 errors, 0 left on base; Chicago 2 - Niagara Falls 0
TOP OF THE 6TH
Chicago Tula batting - Pitching for Niagara Falls Expos : LHP Edison Carter
Batting: LHB Steve Whitehead 0-0: Swinging Strike
0-1: Swinging Strike
0-2: Ball
1-2: Foul Ball, location: 2F
1-2: Strikes out swinging
Batting: RHB Tim Robinson 0-0: Ball
1-0: Foul Ball, location: 2F
1-1: Ball
2-1: Foul Ball, location: 2F
2-2: Ball
3-2: Fly out, F7 (Line Drive, 7, EV 95.6 MPH)
Batting: RHB Jaypee Layug 0-0: Ball
1-0: Ball
2-0: Fly out, F7 (Flyball, 7LMF, EV 88.1 MPH)
Top of the 6th over - 0 runs, 0 hits, 0 errors, 0 left on base; Chicago 2 - Niagara Falls 0
BOTTOM OF THE 6TH
Niagara Falls Expos batting - Pitching for Chicago Tula : RHP Yan van der Meijden
Batting: RHB Barney Wilson 0-0: Called Strike
0-1: Foul Ball, location: 2F
0-2: Reached on error, E6 (Groundball, 6MS, EV 85.0 MPH)
Batting: LHB John Castro 0-0: Called Strike
0-1: Ball
1-1: Ground out 4-3 (Groundball, 4, EV 87.5 MPH)
Barney Wilson to third
Batting: RHB Gary Bruce 0-0: Ball
1-0: Foul Ball, location: 2F
1-1: Ground out 3-1 (Groundball, 34, EV 88.8 MPH)
Barney Wilson scores
Batting: LHB Mfiondu Kabengele 0-0: Ball
1-0: Foul Ball, location: 2F
1-1: Foul Ball, location: 2F
1-2: Strikes out swinging
Bottom of the 6th over - 1 run, 0 hits, 1 error, 0 left on base; Chicago 2 - Niagara Falls 1
TOP OF THE 7TH
Chicago Tula batting - Pitching for Niagara Falls Expos : LHP Edison Carter
Batting: LHB William Anderson 0-0: Ball
1-0: Ball
2-0: Foul Ball, location: 2F
2-1: Ground out 1-3 (Groundball, P, EV 73.8 MPH)
Batting: RHB Gerald Borges 0-0: Called Strike
0-1: Foul Ball, location: 2F
0-2: Strikes out looking
Batting: SHB Carl Wilson 0-0: Foul Ball, location: 2F
0-1: Foul Ball, location: 2F
0-2: Foul Ball, location: 2F
0-2: Foul Ball, location: 2F
0-2: Ball
1-2: Ball
2-2: Foul Ball, location: 2F
2-2: Ball
3-2: Base on Balls
Pitching: LHP Raúl Villegas
Batting: RHB Tolenka Kafengauz 0-0: Ball
1-0: Foul Ball, location: 2F
1-1: Fly out, F7 (Flyball, 7D, EV 101.9 MPH)
Top of the 7th over - 0 runs, 0 hits, 0 errors, 1 left on base; Chicago 2 - Niagara Falls 1
BOTTOM OF THE 7TH
Niagara Falls Expos batting - Pitching for Chicago Tula : RHP Yan van der Meijden
Batting: SHB Jeremy Pollock 0-0: Fly out, F7 (Flyball, 78D, EV 98.1 MPH)
Batting: RHB Dragoljub Kandic 0-0: Ball
1-0: Ball
2-0: Ball
3-0: Called Strike
3-1: SINGLE (Groundball, 4MD, EV 102.5 MPH)
Batting: SHB Takeshi Kovacs 0-0: SINGLE (Line Drive, 3D, EV 98.1 MPH)
Dragoljub Kandic to second
Runner from 2nd tries for 3rd, SAFE, throw by RF made to third
Batting: RHB Sincere Wushon David 0-0: Called Strike
0-1: Foul Ball, location: 2F
0-2: Strikes out swinging
Pinch Hitting: LHB Ryan Ferguson 0-0: Ball
1-0: Fly out, F7 (Flyball, 7LMF, EV 74.4 MPH)
Bottom of the 7th over - 0 runs, 2 hits, 0 errors, 2 left on base; Chicago 2 - Niagara Falls 1
TOP OF THE 8TH
Chicago Tula batting - Pitching for Niagara Falls Expos : LHP Raúl Villegas
Now at SS: Jeffrey Braz
Batting: RHB Eddie Hickford 0-0: Swinging Strike
0-1: Ball
1-1: Ball
2-1: Ball
3-1: Foul Ball, location: 2F
3-2: Foul Ball, location: 2F
3-2: Foul Ball, location: 2F
3-2: Foul Ball, location: 2F
3-2: Ground out 5-3 (Groundball, 56, EV 83.8 MPH)
Batting: RHB Omar Krutsinger 0-0: Foul Ball, location: 2F
0-1: Foul Ball, location: 2F
0-2: Ball
1-2: Strikes out swinging
Batting: LHB Steve Whitehead 0-0: SINGLE (Groundball, 34D, EV 105.0 MPH)
Batting: RHB Tim Robinson 0-0: Ball
1-0: Ball
2-0: Foul Ball, location: 2F
2-1: Ball
3-1: Base on Balls
Steve Whitehead to second
Batting: RHB Jaypee Layug 0-0: Called Strike
0-1: Ball
1-1: Ball
2-1: Called Strike
2-2: Ball
3-2: Base on Balls
Steve Whitehead to third
Tim Robinson to second
Batting: LHB William Anderson 0-0: Swinging Strike
0-1: Fly out, F8 (Flyball, 8LS, EV 85.6 MPH)
Top of the 8th over - 0 runs, 1 hit, 0 errors, 3 left on base; Chicago 2 - Niagara Falls 1
BOTTOM OF THE 8TH
Niagara Falls Expos batting - Pitching for Chicago Tula : RHP Yan van der Meijden
Batting: RHB Barney Wilson 0-0: Ball
1-0: Ball
2-0: Ball
3-0: Called Strike
3-1: Foul Ball, location: 2F
3-2: Foul Ball, location: 2F
3-2: SINGLE (Line Drive, 78D, EV 104.4 MPH)
Batting: LHB John Castro 0-0: Bunted foul
0-1: Ball
1-1: Bunt missed!
1-2: Ball
2-2: Foul Ball, location: 2F
2-2: Foul Ball, location: 2F
2-2: Reached on error, E6 (Popup, 6D, EV 28.8 MPH)
Barney Wilson to second
Batting: RHB Gary Bruce 0-0: Sac Bunt to 5S - play at first, batter OUT! 5-4
Barney Wilson to third
John Castro to second
Batting: LHB Mfiondu Kabengele 0-0: Ball
1-0: Called Strike
1-1: Swinging Strike
1-2: Fly out, F7 (Flyball, 7LD, EV 101.9 MPH)
Runner from 3rd tags up, SCORES, no throw by LF
John Castro to third
Batting: SHB Jeremy Pollock 0-0: Ball
1-0: Ball
2-0: Called Strike
2-1: Ball
3-1: Fly out, F8 (Line Drive, 8RD, EV 87.5 MPH)
Bottom of the 8th over - 1 run, 1 hit, 1 error, 1 left on base; Chicago 2 - Niagara Falls 2
TOP OF THE 9TH
Chicago Tula batting - Pitching for Niagara Falls Expos : LHP Raúl Villegas
Batting: RHB Gerald Borges 0-0: Called Strike
0-1: SINGLE (Groundball, 56, EV 100.6 MPH) (infield hit)
Pinch Hitting: RHB Mario Ramírez 0-0: Ground out 4-3 (Groundball, 34, EV 106.2 MPH)
Gerald Borges to second
Batting: RHB Tolenka Kafengauz 0-0: Called Strike
0-1: Ground out 6-3 (Groundball, 6, EV 90.6 MPH)
Batting: RHB Eddie Hickford 0-0: Foul Ball, location: 2F
0-1: Fly out, F9 (Flyball, 89D, EV 88.8 MPH)
Top of the 9th over - 0 runs, 1 hit, 0 errors, 1 left on base; Chicago 2 - Niagara Falls 2
BOTTOM OF THE 9TH
Niagara Falls Expos batting - Pitching for Chicago Tula : RHP Yan van der Meijden
Pitching: RHP Ramiro Valdés
Now at C: Jarred Williamson
Batting: RHB Dragoljub Kandic 0-0: Ground out 5-3 (Groundball, 5S, EV 73.8 MPH)
Batting: SHB Takeshi Kovacs 0-0: Ball
1-0: Ball
2-0: Called Strike
2-1: Ball
3-1: Called Strike
3-2: Base on Balls
Batting: RHB Sincere Wushon David 0-0: Ball
1-0: Swinging Strike
1-1: Ball
2-1: Ball
3-1: SINGLE (Groundball, 34, EV 99.4 MPH)
Takeshi Kovacs to second
Runner from 2nd tries for 3rd, SAFE, no throw by RF
Batting: RHB Jeffrey Braz 0-0: Ball
1-0: Ball
2-0: DOUBLE (Line Drive, 8LD, EV 93.8 MPH)
Takeshi Kovacs scores
Thursday, January 23rd, 2020 - OOTP Baseball 20.8 Build 74